 Dungeon Crawl Stone Soup version 0.29-a0-870-g2c972031a6 (webtiles) character file.

Game seed: 504811451471791747

1405 xian the Trooper (level 8, -11/61 HPs)
             Began as a Demonspawn Abyssal Knight on July 18, 2022.
             Was a Priest of Lugonu.
             Mangled by an orc knight
             ... wielding a +0 halberd
              (18 damage)
             ... in a bailey.
             The game lasted 00:25:58 (6179 turns).

xian the Trooper (Demonspawn Abyssal Knight)        Turns: 6179, Time: 00:25:59

Health: -11/61     AC: 11    Str: 14    XL:     8   Next: 42%
Magic:  11/12      EV: 11    Int: 11    God:    Lugonu [***...]
Gold:   339        SH:  8    Dex: 19    Spells: 8/12 levels left

rFire   . . .      SeeInvis .   p - +6 falchion "Ippijarghe" {speed, rPois rN++ Int-5}
rCold   . . .      Faith    .   x - +3 buckler
rNeg    + + .      Spirit   .   n - +1 ring mail of the Playwright {*Corrode Slay+5}
rPois   +          Reflect  .   (helmet restricted)
rElec   .          Harm     .   (no cloak)
rCorr   .          Rampage  .   s - +0 pair of gloves
Will    .....                   j - +2 pair of boots
Stlth   ++........              (no amulet)
HPRegen 0.20/turn               m - +6 ring of dexterity
MPRegen 0.13/turn               (no ring)

@: no status effects
A: antennae 2, big brain 1, demonic magic 1
a: Renounce Religion, Depart the Abyss, Bend Space, Banish


You were in a bailey.
You worshipped Lugonu.
Lugonu was most pleased with you.
You visited 1 branch of the dungeon, and saw 7 of its levels.
You visited the Abyss 1 time.
You also visited: Bailey.

You collected 365 gold pieces.
You spent 26 gold pieces at shops.

Inventory:

Hand Weapons
 p - the +6 falchion "Ippijarghe" (weapon) {speed, rPois rN++ Int-5}
   (You found it on level 3 of the Dungeon)

   Attacks with this weapon are significantly faster.
   Int:       It affects your intelligence (-5).
   rPois:     It protects you from poison.
   rN:        It greatly protects you from negative energy.
Missiles
 t - 16 poisoned darts
 A - 2 silver javelins
Armour
 b - a +0 leather armour
 j - a +2 pair of boots (worn)
 n - the +1 ring mail of the Playwright (worn) {*Corrode Slay+5}
   (You found it on level 3 of the Dungeon)

   Slay:      It affects your accuracy & damage with ranged weapons and melee
   (+5).
   *Corrode:  It may corrode you when you take damage.
 s - a +0 pair of gloves (worn)
 x - a +3 buckler (worn)
Jewellery
 m - a +6 ring of dexterity (left hand)
 o - a ring of willpower
Wands
 u - a wand of flame (25)
Scrolls
 d - a scroll of blinking
 f - a scroll of poison
 i - a scroll of fog
 k - a scroll of immolation
 q - 2 scrolls of vulnerability
Potions
 a - a potion of lignification {unknown}
 c - 2 potions of attraction
 e - 2 potions of cancellation {unknown}
 g - 4 potions of curing
 h - 4 potions of might {unknown}
 l - 3 potions of haste {unknown}
 r - 2 potions of mutation {unknown}
 z - a potion of heal wounds {unknown}
 B - a potion of ambrosia {unknown}


   Skills:
 * Level 4.4 Fighting
 - Level 2.0 Long Blades
 + Level 3.0 Axes
 + Level 3.4 Armour
 + Level 2.2 Dodging
 + Level 4.3 Stealth
 * Level 2.0 Shields
 + Level 2.9 Spellcasting
 * Level 4.1 Summonings
 * Level 4.1 Invocations


You had 8 spell levels left.
You knew the following spells:

 Your Spells              Type           Power      Damage    Failure   Level
a - Summon Small Mammal   Summ           40%        N/A       13%         1
b - Call Canine Familiar  Summ           10%        N/A       36%         3

Your spell library contained the following spells:

 Spells                   Type           Power      Damage    Failure   Level
 Freeze                   Ice            4%         1d3       56%         1
 Sandblast                Erth           2%         2d4       56%         1
 Summon Guardian Golem    Hex/Summ       6%         N/A       65%         3
 Passwall                 Tmut/Erth      0%         N/A       71%         2
 Frozen Ramparts          Ice            2%         1d2       91%         3
 Stone Arrow              Conj/Erth      2%         3d7       91%         3
 Hailstorm                Conj/Ice       1%         3d3       100%        4


Dungeon Overview and Level Annotations

Branches:
Dungeon (7/15)             Temple (0/1) D:5          Bailey (1/1)

Altars:
Dithmenos
Fedhas
Gozag
Ru
Sif Muna

Shops:
D:1 ?

Annotations:
D:6 3 runed translucent doors, MisterPants's ghost, novice MiGl; ytrimaz's ghost, novice DsFi


Innate Abilities, Weirdness & Mutations

You have a pair of antennae on your head.
You have an unusually large brain. (Int +2)
Spells you cast may paralyse adjacent enemies.


Message History

Malevolent energies surge around you. The orc knight completely misses you.
The gnoll hits you from afar with a +1 halberd of draining.
You partially resist.
You are too injured to fight recklessly!
Casting: Summon Small Mammal (safe; 13% risk of failure)
Confirm with . or Enter, or press ? or * to list all spells.
You don't know that spell.
Okay, then.
Okay, then.
Casting: Summon Small Mammal (safe; 13% risk of failure)
Confirm with . or Enter, or press ? or * to list all spells.
Malevolent energies surge around you. You block the gnoll's attack.
You block the orc knight's attack.
You slash the orc knight!
The orc knight is moderately wounded.
The orc knight hits you with a +0 halberd!!
* * * LOW HITPOINT WARNING * * *
The gnoll hits you from afar with a +1 halberd of draining.
* * * LOW HITPOINT WARNING * * *
You partially resist.
You swap places.
Your bat closely misses the orc knight.
You block the orc knight's attack.
Your bat hits the orc knight.
The orc knight hits your bat with a +0 halberd!
Your bat dies!
Your bat's corpse disappears in a puff of smoke!
Okay, then.
Your bat hits the orc knight but does no damage.
Your bat hits the orc knight.
The orc knight hits your bat with a +0 halberd!
Your bat dies!
Your bat's corpse disappears in a puff of smoke!
There is a fountain of blood here.
There is an open door here.
Things that are here:
a +0 halberd; a +0 scale mail You close the door.
An orc knight breaks down the door.
The orc knight hits you from afar with a +0 halberd!!
You die...

##.....## ##.....##
###.....#####.....###
#)'..∩..')#.'..⌠..'.#
###.....#####.....###
##)....# #.....##
##'##'##+ #'##'##'##
#.###)# #.# #.###)#
### ### ### ### #)# {
#.# #@###.# +##+ +#
+##'##'## #!.!
#.go..## #.!.!
###.g...### +!.⌠{
{#)'..⌠..')# !.g{
###.....### .{#
##.....#
#'###)##'##'#
#g')###.# #.#


You could see an orc knight and 2 gnolls.

Vanquished Creatures
  Sigmund (D:3)
  A black bear (D:4)
  An ogre (D:5)
  A centaur (D:6)
  A kobold brigand (D:7)
  4 bullfrogs
  A scorpion (D:6)
  7 hounds
  2 orc priests (D:5)
  A jelly (D:5)
  2 iguanas (D:6)
  7 gnolls (Bailey)
  6 adders
  2 shadow imps
  3 white imps
  2 dart slugs
  18 orcs
  2 ball pythons
  3 endoplasms
  2 giant cockroaches
  4 goblins
  4 hobgoblins
  2 jackals (D:2)
  3 bats
  2 frilled lizards (D:1)
  11 kobolds
  11 rats
104 creatures vanquished.

Vanquished Creatures (collateral kills)
  An adder (D:2)
  A kobold (D:7)
2 creatures vanquished.

Vanquished Creatures (others)
  6 withered plants (D:6)
6 creatures vanquished.

Grand Total: 112 creatures vanquished

Notes
Turn   | Place    | Note
-------+----------+-------------------------------------------
     0 | Abyss:1  | xian the Demonspawn Abyssal Knight began the quest for the
                  | Orb.
     0 | Abyss:1  | Reached XP level 1. HP: 18/18 MP: 2/2
     7 | Abyss:1  | Found a corrupted altar of Lugonu.
   141 | Abyss:1  | Noticed a quasit
   143 | D:1      | Escaped the Abyss
   226 | D:1      | Reached ** piety under Lugonu
   269 | D:1      | Gained mutation: Spells you cast may paralyse adjacent
                  | enemies. [demonic ancestry]
   269 | D:1      | Reached XP level 2. HP: 2/24 MP: 3/3
   702 | D:1      | Reached skill level 1 in Dodging
   820 | D:1      | Found Kuolyli's Magic Scroll Emporium.
   845 | D:1      | Bought a scroll of identify for 26 gold pieces
  1025 | D:1      | Learned a level 1 spell: Summon Small Mammal
  1388 | D:2      | Found a blossoming altar of Fedhas.
  1495 | D:2      | Found a faded altar of an unknown god.
  1511 | D:2      | Reached skill level 1 in Axes
  1511 | D:2      | Gained mutation: You have a pair of small antennae on your
                  | head. [demonic ancestry]
  1511 | D:2      | Reached XP level 3. HP: 29/29 MP: 2/4
  2216 | D:3      | Identified the +1 ring mail of the Playwright {*Corrode
                  | Slay+5}
  2249 | D:3      | Reached skill level 1 in Summonings
  2268 | D:3      | Reached skill level 1 in Stealth
  2525 | D:3      | Gained mutation: You have an unusually large brain. (Int
                  | +2) [demonic ancestry]
  2525 | D:3      | Reached XP level 4. HP: 35/35 MP: 5/5
  2533 | D:3      | Identified the +6 falchion "Ippijarghe" {speed, rPois rN++
                  | Int-5}
  2705 | D:3      | Noticed Sigmund
  2715 | D:3      | Killed Sigmund
  2716 | D:3      | Reached skill level 1 in Spellcasting
  2716 | D:3      | Reached XP level 5. HP: 20/41 MP: 1/6
  3134 | D:4      | Found an opulent altar of Gozag.
  3463 | D:4      | Noticed a black bear
  3472 | D:4      | Killed a black bear
  3473 | D:4      | Gained mutation: You have a pair of antennae on your head.
                  | [demonic ancestry]
  3473 | D:4      | Reached XP level 6. HP: 47/47 MP: 6/8
  3745 | D:5      | Entered Level 5 of the Dungeon
  3792 | D:5      | Found a staircase to the Ecumenical Temple.
  3998 | D:5      | Noticed a shadow
  4259 | D:5      | Reached XP level 7. HP: 52/52 MP: 7/10
  4265 | D:5      | Learned a level 3 spell: Call Canine Familiar
  5078 | D:6      | Found a runed translucent gate.
  5079 | D:6      | Found a runed translucent gate.
  5080 | D:6      | Found a runed translucent gate.
  5081 | D:6      | Noticed MisterPants's ghost (novice MiGl)
  5082 | D:6      | Noticed ytrimaz's ghost (novice DsFi)
  5128 | D:6      | Found a shadowy altar of Dithmenos.
  5129 | D:6      | Found a shimmering blue altar of Sif Muna.
  5159 | D:6      | Reached skill level 1 in Shields
  5190 | D:6      | Found a sacrificial altar of Ru.
  5223 | D:6      | Reached *** piety under Lugonu
  5224 | D:6      | Reached XP level 8. HP: 52/60 MP: 9/12
  5640 | D:7      | Found a blossoming altar of Fedhas.
  5765 | D:7      | Found a flagged portal.
  5780 | Bailey   | Entered a bailey
  6155 | Bailey   | Noticed an orc knight
  6179 | Bailey   | Mangled by an orc knight

Illustrated notes

Levels and vault maps discovered:
D:1:      dpeg_arrival_ratfight, layout_basic, serial_shops,
          nicolae_shop_advertising_works [nicolae_subvault_shop_adworks],
          minmay_misc_feat_doors
D:2:      layout_loops_ring, ebering_ecumenical_altar_sacrificial, basic_altar,
          minmay_tetromino_i2
D:3:      layout_basic, lemuel_flame_loot_1, uniq_sigmund
D:4:      layout_basic, mainiacjoe_overflow_concentric_impassable,
          kennysheep_generic_room_15
D:5:      layout_loops_cross, temple_pool_b, grunt_decor_cap, st_stairs_7
D:6:      layout_rooms, chequers_temple_overflow_statue_of_worship,
          mainiacjoe_overflow_alcove_1, gammafunk_ghost_cemetery,
          minmay_misc_feat_tower, grunt_ministairs_13
D:7:      layout_cave_pools, fedhas_bush_and_centaur_altar, enter_bailey_2,
          chequers_serial_rivers_micro_c, serial_park_tiny_pond, minivault_26,
          chequers_mini_garden
Bailey:   bailey_polearm_nasty_gnolls, bailey

Skill      XL: |  1  2  3  4  5  6  7  8 |
---------------+-------------------------+-----
Long Blades    | 2 |  2.0
Dodging        | 1 2 |  2.2
Armour         | 2 3 |  3.4
Axes           | 1 2 3 |  3.0
Summonings     | 1 2 3 4 |  4.1
Stealth        | 1 2 3 4 |  4.3
Spellcasting   | 1 2 |  2.9
Invocations    | 3 4 |  4.1
Shields        | 1 2 |  2.0
Fighting       | 4 |  4.4

Action                   |  1- 3 |  4- 6 |  7- 9 || total
-------------------------+-------+-------+-------++-------
Melee: War axe           |    70 |       |       ||    70
       Falchion          |    10 |    40 |   122 ||   172
 Cast: Summon Small Mamm |    11 |     6 |    15 ||    32
Invok: Depart the Abyss  |     1 |       |       ||     1
  Use: Scroll            |     6 |     3 |     5 ||    14
 Stab: Paralysed         |     7 |    11 |     7 ||    25
       Sleeping          |       |       |     7 ||     7
Armor: Leather armour    |    29 |       |       ||    29
       Ring mail         |       |    18 |    35 ||    53
Dodge: Dodged            |    53 |    32 |    50 ||   135
Block: Buckler           |       |       |    40 ||    40

Table legend: (Time is in decaauts)
 A = Elapsed time spent in this place.
 B = Non-inter-level travel time spent in this place.
 C = Inter-level travel time spent in this place.
 D = Time resting spent in this place.
 E = Time spent auto-exploring this place.
 F = Levels seen in this place.
 G = Mean time per level.
                   A        B        C        D        E       F      G
               +--------+--------+--------+--------+--------+-----+--------+
         Total |   6184 |   6038 |    146 |    802 |   3501 |   9 |  687.1 |
       Dungeon |   5647 |   5501 |    146 |    633 |   3389 |   7 |  806.7 |
         Abyss |    143 |    143 |      0 |      0 |    112 |   1 |  143.0 |
        Bailey |    394 |    394 |      0 |    169 |      0 |   1 |  394.0 |
               +--------+--------+--------+--------+--------+-----+--------+

Top non-repeatable levels by time:
     D:1: 1210 daAuts
     D:4: 965 daAuts
     D:2: 857 daAuts
     D:5: 842 daAuts
     D:6: 805 daAuts
     D:3: 797 daAuts
  Bailey: 394 daAuts
     D:7: 168 daAuts
 Abyss:1: 143 daAuts
